 Dungeon Crawl Stone Soup version 0.29.1-15-g9cfb28693d (webtiles) character file.

Game seed: 10335162688922410072

12 Hugehornet the Sneak (level 2, 0/15 (19) HPs)
             Began as an Octopode Brigand on Mar 16, 2023.
             Slain by a kobold
             ... wielding a +2 dagger of draining
              (2 damage)
             ... on level 1 of the Dungeon.
             The game lasted 00:00:47 (610 turns).

Hugehornet the Sneak (Octopode Brigand)              Turns: 610, Time: 00:00:48

HP:   0/15 (19)     AC:  1    Str: 10    XL:     2   Next: 33%
MP:   2/2           EV: 12    Int: 13    God:
Gold: 0             SH:  0    Dex: 13    Spells: 1/1 levels left

rFire   . . .      SeeInvis .   a - +2 dagger
rCold   . . .      Faith    .   (no shield)
rNeg    . . .      Spirit   .   (helmet restricted)
rPois   .          Reflect  .   (no amulet)
rElec   .          Harm     .   (no ring)
rCorr   .          Rampage  .   (no ring)
Will    .....                   (no ring)
Stlth   ++++......              (no ring)
HPRegen 0.05/turn               (no ring)
MPRegen 0.08/turn               (no ring)
                                (no ring)
                                (no ring)

@: heavily drained
A: almost no armour, amphibious, 8 rings, camouflage 1, gelatinous body 1,
(nimble swimmer 1), tentacles, screaming 1, wild magic 1
a: no special abilities


You were on level 1 of the Dungeon.
You visited 1 branch of the dungeon, and saw 1 of its levels.

Inventory:

Hand Weapons
 a - a +2 dagger (weapon)
 i - a +1 short sword of venom
Missiles
 b - 9 poisoned darts (quivered)
 c - 3 curare-tipped darts
Scrolls
 f - a scroll of identify {unknown}
 g - a scroll of amnesia {unknown}
Potions
 d - a potion of resistance {unknown}
 e - a potion of lignification {unknown}
 h - a potion of mutation
 j - a potion of haste {unknown}


   Skills:
 - Level 2.0 Fighting
 - Level 2.0 Short Blades
 - Level 2.0 Throwing
 - Level 1.0 Dodging
 + Level 6.2 Stealth


You had one spell level left.
You didn't know any spells.
Your spell library was empty.

Dungeon Overview and Level Annotations

Branches:
Dungeon (1/15)

Altars:


Innate Abilities, Weirdness & Mutations

You cannot wear most types of armour.
You are amphibious.
You can wear up to eight rings at the same time.
Your skin changes colour to match your surroundings (Stealth+).
Your rubbery body absorbs attacks. (AC +1, EV +1)
((You are camouflaged when in or above water. (Stealth+)))
You have tentacles for arms and can constrict up to eight enemies at once.
You occasionally shout uncontrollably at your foes.
Your spells are a little harder to cast, but a little more powerful.


Message History

The bat misses you.
Found a scroll labelled HUZXIMNOA and a robe.
The bat completely misses you.
A goblin comes into view. It is wielding a +0 dagger.
The goblin shouts!
You hit the bat but do no damage. Your grab misses the bat.
The bat closely misses you. The bat barely misses you.
You hit the bat. Your grab misses the bat. You tentacle-slap the bat.
The bat is heavily wounded.
The bat closely misses you.
You closely miss the kobold. Your grab misses the kobold.
The kobold completely misses you.
You hit the bat but do no damage. Your grab misses the bat.
The bat is heavily wounded.
The bat hits you. The bat closely misses you. The kobold completely misses you.
You closely miss the bat. You grab the bat.
The bat is heavily wounded.
You constrict the bat. The bat hits you.
The bat struggles to escape constriction.
The bat escapes!
The kobold hits you with a +2 dagger of draining.
You feel drained. The bat hits you but does no damage.
The kobold hits you with a +2 dagger of draining.
You feel drained. The bat misses you. The kobold attacks as you move away!
The kobold hits you with a +2 dagger of draining.
* * * LOW HITPOINT WARNING * * *
You feel drained. The kobold attacks as you move away!
The kobold hits you with a +2 dagger of draining.
* * * LOW HITPOINT WARNING * * *
You feel drained.
* * * LOW HITPOINT WARNING * * *
You are too injured to fight recklessly!
It was a potion of mutation.
You feel extremely strange.
You feel the urge to shout.
You feel less in control of your magic.
The kobold hits you with a +2 dagger of draining.
You die...

#........
#.......#
#.......####.##
#..............
######.#.?.....
#.#.......
#g#.......
#K#...[...
#@######## #.#
#.# #######.###
#.........#
#.........#
#.........#
#.........#######
######....(.....#


You could see a goblin and a kobold.

Vanquished Creatures
  An endoplasm (D:1)
  2 goblins (D:1)
  2 kobolds (D:1)
  2 ball pythons (D:1)
  A bat (D:1)
  A frilled lizard (D:1)
  3 rats (D:1)
12 creatures vanquished.

Notes
Turn   | Place    | Note
-------+----------+-------------------------------------------
     0 | D:1      | Hugehornet the Octopode Brigand began the quest for the
                  | Orb.
     0 | D:1      | Reached XP level 1. HP: 14/14 MP: 1/1
   270 | D:1      | Reached XP level 2. HP: 18/19 MP: 2/2
   282 | D:1      | Reached skill level 6 in Stealth
   610 | D:1      | Gained mutation: You occasionally shout uncontrollably at
                  | your foes. [potion of mutation]
   610 | D:1      | Gained mutation: Your spells are a little harder to cast,
                  | but a little more powerful. [potion of mutation]
   610 | D:1      | Slain by a kobold

Illustrated notes

Levels and vault maps discovered:
D:1:      minmay_arrival_checkered_box, layout_basic

Skill      XL: |  1  2 |
---------------+-------+-----
Stealth        | 6 |  6.2
Fighting       | |  2.0
Short Blades   | |  2.0
Throwing       | |  2.0
Dodging        | |  1.0

Action                   || total
-------------------------++-------
Melee: Dagger            ||    19
       Constrict         ||     2
       Punch             ||     1
       Tentacles         ||     1
  Use: Potion            ||     1
 Stab: Sleeping          ||     6
Armor: Skin              ||     3
Dodge: Dodged            ||    13
